 Dungeon Crawl Stone Soup version 0.22.1-1-ga44c0e56f4 (webtiles) character file.

154 JOKERXD40 the Chopper (level 5, 0/47 HPs)
             Began as a Minotaur Berserker on Oct 26, 2018.
             Was a Believer of Trog.
             Slain by a gnoll
             ... wielding a +0 spear
              (5 damage)
             ... on level 2 of the Dungeon.
             The game lasted 00:03:37 (1318 turns).

JOKERXD40 the Chopper (Minotaur Berserker)          Turns: 1318, Time: 00:03:38

Health: 0/47       AC:  5    Str: 22    XL:     5   Next: 13%
Magic:  4/4        EV: 12    Int:  4    God:    Trog [**....]
Gold:   71         SH:  0    Dex: 10    Spells: 4/4 levels left

rFire    . . .     SeeInvis .   a - +0 hand axe
rCold    . . .     Gourm    .   (no shield)
rNeg     . . .     Faith    .   n - +0 ring mail
rPois    .         Spirit   .   (helmet restricted)
rElec    .         Reflect  .   (no cloak)
rCorr    .         Harm     .   (no gloves)
MR       .....                  (no boots)
Stlth    ..........             (no amulet)
HPRegen  0.15/turn              (no ring)
MPRegen  0.09/turn              (no ring)

@: no status effects
A: retaliatory headbutt, horns 2
a: Berserk, Trog's Hand, Renounce Religion


You were on level 2 of the Dungeon.
You worshipped Trog.
Trog was pleased with you.
You were hungry.

You visited 1 branch of the dungeon, and saw 2 of its levels.

You collected 71 gold pieces.

Inventory:

Hand Weapons
 a - a +0 hand axe (weapon)
Missiles
 i - 62 stones (quivered)
Armour
 n - a +0 ring mail (worn)
Scrolls
 e - a scroll of enchant weapon {unknown}
 g - 3 scrolls of remove curse {unknown}
 k - a scroll of fog {unknown}
 l - a scroll of enchant armour {unknown}
 m - a scroll of identify {unknown}
Potions
 b - a potion of mutation {unknown}
 d - 2 potions of brilliance {unknown}
 f - a potion of lignification {unknown}
 h - a potion of heal wounds {unknown}
 j - a potion of curing {unknown}
Comestibles
 c - 3 rations


   Skills:
 + Level 4.6 Fighting
 + Level 5.1 Axes
 + Level 1.2 Throwing
 + Level 2.8 Armour
 + Level 3.3 Dodging


You had 4 spell levels left.
You didn't know any spells.
Your spell library was empty.

Dungeon Overview and Level Annotations

Branches:
Dungeon (2/15)

Altars:


Innate Abilities, Weirdness & Mutations

You reflexively headbutt those who attack you in melee.
You have a pair of horns on your head.


Message History

The gnoll is moderately wounded.
You hit the gnoll. The gnoll closely misses you.
The gnoll hits you but does no damage.
You hit the gnoll but do no damage. You headbutt the gnoll.
The gnoll is severely wounded.
You hit the gnoll but do no damage. The gnoll hits you with a flail.
* * * LOW HITPOINT WARNING * * *
The gnoll hits you but does no damage.
You closely miss the gnoll. You headbutt the gnoll.
You kill the gnoll!
Trog accepts your kill.
You completely miss the gnoll. The gnoll hits you with a spear.
* * * LOW HITPOINT WARNING * * *
The gnoll hits you with a spear.
* * * LOW HITPOINT WARNING * * *
You see here a flail.
You slash the gnoll!
The gnoll is almost dead.
The gnoll hits you with a spear.
You die...

#.#
#.#.#.##........#.
#.#
#.#.#...........#.
#.#
#.#.###.#+###+#.#.
#.#
#.#...........#.#.
#.#
#.#############.#.
#.########........
#...
#..............#
#...
#.###..........#
#... ###
#...†.@....# #...
#....†g....# #...
#....<.....# #...
######........
#... #.#######
#..> #.# #... #.#
#... #.# #... #...


You could see a gnoll.

Vanquished Creatures
  An orc priest (D:2)
  An orc wizard (D:2)
  2 gnolls (D:2)
  2 adders (D:2)
  An ooze (D:2)
  A dart slug (D:2)
  3 orcs (D:2)
  5 bats
  5 giant cockroaches
  2 goblins (D:1)
  5 hobgoblins
  6 jackals
  A quokka (D:2)
  A ball python (D:1)
  3 frilled lizards (D:1)
  6 kobolds
  6 rats
51 creatures vanquished.

Notes
Turn   | Place    | Note
-------+----------+-------------------------------------------
     0 | D:1      | JOKERXD40 the Minotaur Berserker began the quest for the
                  | Orb.
     0 | D:1      | Reached XP level 1. HP: 19/19 MP: 0/0
    23 | D:1      | Reached XP level 2. HP: 15/27 MP: 1/1
    25 | D:1      | Reached skill level 4 in Axes
   484 | D:1      | Reached ** piety under Trog
   527 | D:1      | Reached XP level 3. HP: 29/33 MP: 2/2
   853 | D:2      | Reached XP level 4. HP: 23/41 MP: 3/3
   860 | D:2      | Reached skill level 5 in Axes
   895 | D:2      | Reached skill level 1 in Throwing
  1195 | D:2      | Found a faded altar of an unknown god.
  1313 | D:2      | Reached XP level 5. HP: 13/47 MP: 4/4
  1318 | D:2      | Slain by a gnoll

Skill      XL: |  1  2  3  4 |
---------------+-------------+-----
Fighting       | 4 |  4.6
Axes           | 4 5 |  5.1
Dodging        | 3 |  3.3
Throwing       | 1 |  1.2
Armour         | |  2.8

Action                   |  1- 3 |  4- 6 || total
-------------------------+-------+-------++-------
Melee: Hand axe          |    56 |    20 ||    76
       Headbutt          |     4 |     3 ||     7
Throw: Stone             |    15 |     7 ||    22
Invok: Berserk           |     2 |       ||     2
  Eat: Chunk             |       |     2 ||     2
Armor: Animal skin       |     4 |       ||     4
       Ring mail         |       |     2 ||     2
Dodge: Dodged            |    35 |    16 ||    51
